 Dungeon Sprint DCSS version 0.31.0-1-g2c135a008e (webtiles) character file.

Game seed: 3498215211215182589

1270 Groucho the Fighter (level 8, -5/85 HPs)
             Began as a Gargoyle Fighter on Jan 20, 2024.
             Was an Elder of Qazlal.
             Slain by a boulder beetle (11 damage)
             ... in the Dungeon (Sprint VII: "The Pits").
             The game lasted 00:02:51 (1447 turns).

Groucho the Fighter (Gargoyle Fighter)              Turns: 1447, Time: 00:02:51

Health: -5/85      AC: 27    Str: 22    XL:     8   Next: 53%
Magic:  3/14       EV:  8    Int:  9    God:    Qazlal [****..]
Gold:   0          SH: 11    Dex:  9    Spells: 7/7 levels left

rFire   . . .        p - +2 flail (protect)
rCold   . . .        c - +0 buckler
rNeg    + . .        q - +3 chain mail
rPois   ∞            (no helmet)
rElec   +            (no cloak)
rCorr   .            (no gloves)
SInv    .            (no boots)
Will    .....        (no amulet) Stlth
                     (no ring)
HPRegen 0.34/turn    (no ring)
MPRegen 0.14/turn

%: no teleportation, repel missiles
@: berserking (expiring), under a protective aura, slowed
A: sickness immunity, AC +5, negative energy resistance 1, electricity
resistance, torment resistance 1, petrification resistance
a: Renounce Religion, Upheaval, Elemental Force


You were in the Dungeon.
You worshipped Qazlal.
Qazlal was greatly pleased with you.
You visited 1 branch

Inventory:

Hand Weapons
 p - a +2 flail of protection (weapon)
Missiles
 o - 10 stones (quivered)
Armour
 c - a +0 buckler (worn)
 q - a +3 chain mail (worn)
Scrolls
 j - a scroll of blinking
 l - 2 scrolls of vulnerability
 m - 5 scrolls of amnesia
 n - a scroll of summoning
Potions
 d - a potion of might
 e - 6 potions of curing
 f - 4 potions of heal wounds
 g - a potion of haste
 h - 4 potions of magic
 i - a potion of berserk rage
 k - 2 potions of invisibility


   Skills:
 + Level 9.8 Fighting
 + Level 8.5 Maces & Flails
 + Level 9.7 Armour
 + Level 9.7 Shields
 + Level 8.8 Invocations


You had 7 spell levels left.
You didn't know any spells.
Your spell library was empty.

Dungeon Overview and Level Annotations

Branches:
Dungeon (1/1)

Altars:
Ashenzari
Cheibriados
Dithmenos
Elyvilon
Fedhas
Gozag
Hepliaklqana
Kikubaaqudgha
Makhleb
Nemelex Xobeh
Okawaru
Qazlal
Ru
Sif Muna
Trog
Uskayaw
Vehumet
Wu Jian
Xom
Yredelemnul
Zin
The Shining One
Jiyva
Lugonu


Innate Abilities, Weirdness & Mutations

You are immune to sickness and miasma.
Your stone body is resilient. (AC +5)
You are immune to poison.
You resist negative energy. (rN+)
You are resistant to electric shocks. (rElec)
You are resistant to unholy torment.
You are immune to petrification.


Message History

You feel as though you will be slow longer.
You closely miss something. Something hits you but does no damage.
You miss something. Something hits you but does no damage.
You closely miss something. Something hits you! Something drains your vigour!
You feel as though you will be slow longer.
You barely miss something. Something hits you but does no damage.
You miss something. Something hits you!
You bludgeon something!!
Your weapon exudes an aura of protection.
Something hits you but does no damage.
You barely miss something. Something hits you.
* * * LOW HITPOINT WARNING * * *
Something drains your vigour!
You feel as though you will be slow longer.
You bludgeon something!! Something hits you!
* * * LOW HITPOINT WARNING * * *
Something drains your vigour!
You feel as though you will be slow longer.
You hit something. Qazlal accepts your kill.
The storm surrounding you is now powerful enough to repel missiles.
You will now adapt resistances upon receiving elemental damage.
Reactivating autopickup.
You feel a bit more experienced.
Your Fighting skill increases to level 9!
Your Maces & Flails skill increases to level 8!
Your Armour skill increases to level 9!
Your Shields skill increases to level 9!
Your Invocations skill increases to level 8!
You have reached level 8!
You feel clever.
Unknown command.
You hit the boulder beetle.
The boulder beetle is heavily wounded.
The boulder beetle bites you but does no damage.
Unknown command.
You hit the boulder beetle but do no damage.
The boulder beetle is heavily wounded.
The boulder beetle bites you!
You die...

#.##'#†.#'###...<...#
#.#........##.......#
#.#........##.......#
#'###########.......#
#.......#.. #########
#.###...#.# ####
#.#.....#)#....#
#.#...#.#'#....#
#.)...#.#@B....+
#...###.#)#....#
#.......'.# ...#
########### ###


You could see a boulder beetle.

Vanquished Creatures
  A shadow wraith (D)
  An ice beast (D)
  A sky beast (D)
  A wolf (D)
  A phantom (D)
  2 kobold brigands (D)
  2 weeping skulls (D)
  A brain worm (D)
  An adder (D)
  A river rat (D)
  A white imp (D)
  An ufetubus (D)
  A ribbon worm (D)
  2 orcs (D)
  A goblin (D)
  4 jackals (D)
  A quokka (D)
  A giant cockroach zombie (D)
  3 rats (D)
27 creatures vanquished.

Notes
Turn   | Place    | Note
-------+----------+-------------------------------------------
     0 | D        | Groucho the Gargoyle Fighter began the quest for the Orb.
     0 | D        | Reached XP level 1. HP: 14/14 MP: 1/1
    53 | D        | Found a glowing golden altar of the Shining One.
    53 | D        | Found a glowing silver altar of Zin.
    53 | D        | Found a basalt altar of Yredelemnul.
    53 | D        | Found a shimmering altar of Xom.
    53 | D        | Found an ornate altar of the Wu Jian Council.
    53 | D        | Found a bloodstained altar of Trog.
    53 | D        | Found a shimmering blue altar of Sif Muna.
    53 | D        | Found a sacrificial altar of Ru.
    53 | D        | Found a stormy altar of Qazlal.
    53 | D        | Found an iron altar of Okawaru.
    53 | D        | Found a sparkling altar of Nemelex Xobeh.
    53 | D        | Found a burning altar of Makhleb.
    53 | D        | Found a viscous altar of Jiyva.
    53 | D        | Found a hazy altar of Hepliaklqana.
    53 | D        | Found an opulent altar of Gozag.
    53 | D        | Found a blossoming altar of Fedhas.
    53 | D        | Found a white marble altar of Elyvilon.
    53 | D        | Found a shadowy altar of Dithmenos.
    53 | D        | Found a snail-covered altar of Cheibriados.
    54 | D        | Found a radiant altar of Vehumet.
    54 | D        | Found a corrupted altar of Lugonu.
    55 | D        | Found an ancient bone altar of Kikubaaqudgha.
    55 | D        | Found a hide-covered altar of Uskayaw.
    55 | D        | Found a broken altar of Ashenzari.
    58 | D        | Became a worshipper of Qazlal Stormbringer
    71 | D        | Reached XP level 2. HP: 18/20 MP: 2/2
    79 | D        | Reached * piety under Qazlal
    80 | D        | Reached skill level 1 in Invocations
   449 | D        | Reached ** piety under Qazlal
   450 | D        | Reached XP level 3. HP: 13/24 MP: 4/4
   528 | D        | Noticed an ice beast
   528 | D        | Noticed a sky beast
   544 | D        | Killed an ice beast
   545 | D        | Reached skill level 5 in Fighting
   545 | D        | Reached skill level 5 in Armour
   545 | D        | Reached skill level 5 in Shields
   545 | D        | Reached XP level 4. HP: 32/32 MP: 1/7
   545 | D        | Reached XP level 5. HP: 36/36 MP: 1/8
   551 | D        | Killed a sky beast
   551 | D        | Reached *** piety under Qazlal
   552 | D        | Reached skill level 5 in Maces & Flails
   552 | D        | Reached skill level 5 in Invocations
   711 | D        | Reached XP level 6. HP: 23/44 MP: 2/10
  1057 | D        | Reached **** piety under Qazlal
  1074 | D        | Reached XP level 7. HP: 48/49 MP: 12/12
  1421 | D        | Noticed a boulder beetle
  1432 | D        | HP: 1/50 [something (13)]
  1445 | D        | Killed a shadow wraith
  1446 | D        | Reached XP level 8. HP: 5/57 MP: 3/14
  1447 | D        | Slain by a boulder beetle

Illustrated notes

Levels and vault maps discovered:
D:        pitsprint [storerooms_1, entrance_room_1, metal_vault_7, armoury_3,
          mini_pit_1, grid_room_1, main_hall_1, silver_pit, the_coven_1,
          the_vestibule_1, steel_vault_3, golden_pit, hallway_of_sentries,
          crystal_vault_4, iron_vault_4, final_vault]

Skill      XL: |  1  2  3  4  5  6  7 |
---------------+----------------------+-----
Fighting       | 4 5 7 8 9 |  9.8
Armour         | 4 5 7 8 9 |  9.7
Shields        | 4 5 7 8 9 |  9.7
Invocations    | 2 4 5 6 8 |  8.8
Maces & Flails | 3 4 5 6 8 |  8.5

Action                     |  1- 3 |  4- 6 |  7- 9 || total
---------------------------+-------+-------+-------++-------
  Melee: Flail             |    23 |    25 |    25 ||    73
         Mace              |    37 |       |       ||    37
 Invoke: Upheaval          |     1 |     1 |     8 ||    10
    Use: Potion            |     1 |       |     3 ||     4
 Armour: Scale mail        |    49 |       |       ||    49
         Chain mail        |     5 |    12 |    28 ||    45
  Dodge: Dodged            |    33 |     4 |       ||    37
         Repelled          |       |       |     2 ||     2
  Block: Buckler           |    32 |     6 |     6 ||    44
